Unix NetHack Version 5.0.0-0 post-release - last build May 23 2026 06:08:33 (1c0ff79ee797540d5714e4e18072db0edd9e58ae,branch:main).

Game began 2026-05-25 10:40:04, ended 2026-05-25 10:47:13.

Eymerich, chaotic male elven Priest

                                                             -------
                                                             -.<....#
                               --------                      |.....|#
                               |......|                      |.....|#
                               |......|                      |(....|#
                               |...>..|                      -------#
                               |......|                             #
                             ##|......-####                         #
                -             #.......|   #                      ####
                |....        ##--------   #      ###  #          #---------
                -             ####################################-G.%....|
                                     ######## ------ #       ### #|G)@....|
                                            ##.....| #           #|...>...|
                                              |....|##           #|.......|
                                              |....|#            #-..G....|
                                              |....|#             |.......|
                                              |.....#             ---------
                                              ------

Eymerich the Acolyte         St:11 Dx:14 Co:15 In:10 Wi:18 Ch:8  Chaotic
Dlvl:2  $:18 HP:0(29) Pw:47(47) AC:7  Xp:3 T:731  Deaf

Latest messages:
 s - a dagger.
 The gnome lord wields 2 daggers!
 What do you want to throw? [$s or ?*]
 In what direction?
 The dagger hits the gnome lord.
 There is a partly eaten gnome corpse here; eat it? [ynq] (n)
 You consume the last bite of your meal.
 You finish eating the gnome corpse.
 There is nothing here to pick up.
 t - a cursed crude bow.
 u - a scroll labeled PRIRUTSENIE.
 You can hear again.
 You stop waiting.
 The gnome lord throws 2 daggers!
 The 1st dagger hits Pinky.
 The 2nd dagger misses Pinky.
 The 2nd dagger misses you.
 You see here a dagger.
 s - a dagger.
 You see here a dagger.
 The gnome wields a thonged club!
 The gnome secures the tether on the thonged club.
 s - a dagger (2 in total).
 The gnome lord escapes upstairs!
 You swap places with Pinky.
 You see here 25 rocks.
 v - a thonged club.
 w - a blessed scroll called remove curse.
 You hit the gnome!
 The gnome escapes upstairs!
 You climb up the stairs.
 You remember this level as vault.
 The dwarf picks up an empty unlocked large box.
 You kill the dwarf!
 The gnome throws a thonged club!
 You are hit by a thonged club!
 You hit the gnome.
 The gnome hits!
 You hit the gnome.
 The gnome lord throws a dagger!
 You are hit by a dagger.
 What do you want to use or apply? [ghi or ?*]
 You start playing your leather drum.
 You beat a deafening row!
 The gnome turns to flee.
 The gnome lord turns to flee.
 The gnome throws a thonged club!
 You are hit by a thonged club.
 You die...
 Do you want your possessions identified? [ynq] (y)

Inventory:
 Coins    ('$')
  $ - 18 gold pieces
 Weapons  (')')
  t - a cursed -1 orcish bow
  s - 2 +0 daggers
  v - a +0 aklys
  a - a blessed +1 mace (weapon in right hand)
 Armor    ('[')
  c - a +0 small shield (being worn)
  b - a +0 robe (being worn)
 Comestibles  ('%')
  e - a clove of garlic
  r - a cram ration
  p - a food ration
  f - a sprig of wolfsbane
  k - 2 lichen corpses
 Scrolls  ('?')
  w - a blessed scroll of remove curse
  u - a scroll of teleportation
 Spellbooks  ('+')
  g - a spellbook of detect monsters
  h - a spellbook of light
 Potions  ('!')
  d - 4 potions of holy water
 Tools    ('(')
  i - a leather drum
 Gems/Stones  ('*')
  m - a cursed obsidian stone named soft
  n - 12 rocks

Eymerich the Priest's attributes:

Background:
 You were an Acolyte, a level 3 elven Priest.
 You were chaotic, on a mission for Loki
 who was opposed by Tyr (lawful) and Odin (neutral).
 You were right-handed.
 You were in the Dungeons of Doom, on level 2.
 You entered the dungeon 731 turns ago.
 You had 53 experience points, 27 more were needed to attain level 4.

Basics:
 You had 0 out of 29 hit points.
 You had all 47 energy points (spell power).
 Your armor class was 7.
 Your wallet contained 18 zorkmids.
 Autopickup was off.

Final Characteristics:
 Your strength was 11 (limit:18).
 Your dexterity was 14 (limit:18).
 Your constitution was 15 (limit:16).
 Your intelligence was 10 (limit:20).
 Your wisdom was 18 (limit:20).
 Your charisma was 8 (limit:18).

Final Status:
 You were deaf.
 You weren't hungry.
 You were unencumbered.
 You were wielding a mace.
 You had basic skill with mace.

Final Attributes:
 You were fervently aligned.
 You had infravision.
 You were guarded.
 Your spell casting was enhanced by wearing a robe.
 You are dead.

Miscellaneous:
 You didn't encounter any bones levels.
 Total elapsed playing time was 7 minutes and 7 seconds.

Major events:
 Turn
    1: Eymerich the chaotic elven Priest entered the dungeon
  412: entered the Gnomish Mines
  686: attained the rank of Acolyte (level 3)
  731: killed by an aklys

Spells:
 Name                 Level Category     Fail Retention
 detect monsters        1   divination     0%  76%-100%
 light                  1   clerical       0%  91%-100%

Skills:
 Fighting Skills
   bare handed combat [Unskilled]
 Weapon Skills
   club               [Unskilled]
   mace               [Basic]
   morning star       [Unskilled]
   flail              [Unskilled]
   hammer             [Unskilled]
   quarterstaff       [Unskilled]
   polearms           [Unskilled]
   spear              [Unskilled]
   trident            [Unskilled]
   lance              [Unskilled]
   bow                [Unskilled]
   sling              [Unskilled]
   crossbow           [Unskilled]
   dart               [Unskilled]
   shuriken           [Unskilled]
   boomerang          [Unskilled]
   unicorn horn       [Unskilled]
 Spellcasting Skills
   healing spells     [Unskilled]
   divination spells  [Unskilled]
   clerical spells    [Basic]

Voluntary challenges:
 Character rerolling was not enabled.
 You were an atheist.
 You never genocided any monsters.
 You never polymorphed an object.
 You never changed form.
 You used no wishes.
Achievements:
 You entered the Gnomish Mines.
 You attained the rank of Acolyte.

 The Dungeons of Doom: levels 1 to 2
    Level 1:
       A fountain.
    Level 2: "vault" <- You were here.
       Stairs down to The Gnomish Mines.
       Final resting place for
          you, killed by an aklys.
 The Gnomish Mines:
    Level 3:


Vanquished creatures:
  2 dwarves
  a hobbit
  6 gnomes
  2 jackals
  3 grid bugs
  2 lichens
  5 newts
21 creatures vanquished.

No species were genocided or became extinct.

Game over:
                       ----------
                      /          \
                     /    REST    \
                    /      IN      \
                   /     PEACE      \
                  /                  \
                  |     Eymerich     |
                  |      18 Au       |
                  |   killed by an   |
                  |      aklys       |
                  |                  |
                  |                  |
                  |       2026       |
                 *|     *  *  *      | *
        _________)/\\_//(\/(/\)/\//\/|_)_______

Goodbye Eymerich the Priest...

You died in The Dungeons of Doom on dungeon level 2 with 329 points,
and 18 pieces of gold, after 731 moves.
You were level 3 with a maximum of 29 hit points when you died.

